 Dungeon Crawl Stone Soup version 0.31-a0-810-ga77100ea1a (webtiles) character file.

Game seed: 13955862676173785487

20178 javelincjr the Grappler (level 12, 0/92 HPs)
             Began as a Demonspawn Shapeshifter on Sept 21, 2023.
             Was a Priest of Qazlal.
             Killed by divine providence
             ... invoked by a meliai
              (10 damage)
             ... on level 13 of the Dungeon.
             The game lasted 00:55:16 (13865 turns).

javelincjr the Grappler (Demonspawn Shapeshifter)  Turns: 13865, Time: 00:55:17

Health: 0/92       AC: 22    Str: 13    XL:     12   Next: 43%
Magic:  15/15      EV: 15    Int: 11    God:    Qazlal [***...]
Gold:   1478       SH:  9    Dex: 20    Spells: 11/11 levels left

rFire   . .          .
                       - Unarmed
rCold   + . .        (shield currently unavailable)
rNeg    . . .        S - quicksilver dragon scales "Reovodgh" {Will+ Str-5 Dex+5}
rPois   .            x - +1 helmet
rElec   .            B - +0 cloak
rCorr   .            (no gloves)
SInv    +            (no boots)
Will    +....        p - amulet of reflection
Stlth   +            Y - ring of see invisible
HPRegen 0.35/turn    f - ring of protection from cold
MPRegen 0.14/turn

%: reflection
@: mighty, about to teleport, flux-form, sanguine armoured, glowing
A: glow, contaminating, hooves 2, powered by death 2, powered by pain 1,
sanguine armour 2
a: Begin Untransformation, Renounce Religion, Upheaval, Elemental Force


You were on level 13 of the Dungeon.
You worshipped Qazlal.
Qazlal was most pleased with you.
You were something dangerously unstable.
You visited 1 branch of the dungeon, and saw 13 of its levels.
You also visited: Bailey.

You collected 1478 gold pieces.

Inventory:

Hand Weapons
 m - a +5 falchion
 I - a +1 dagger of draining
 R - a +3 dagger of distortion
 T - the +12 sling of Parts Unknown {freeze, rPois Str+4 Int-2}
   (You took it off a spriggan in a bailey)

   Str+4:     It affects your strength (+4).
   Int-2:     It affects your intelligence (-2).
   rPois:     It protects you from poison
Missiles
 e - 11 boomerangs (quivered)
 j - 9 poisoned darts
 F - 4 curare-tipped darts
 H - 5 javelins
Armour
 t - a +1 robe of positive energy
 x - a +1 helmet (worn)
 B - a +0 cloak (worn)
 K - a +1 robe of willpower
 S - the quicksilver dragon scales "Reovodgh" (worn) {Will+ Str-5 Dex+5}
   (You took it off a spriggan in a bailey)

   Str-5:     It affects your strength (-5).
   Dex+5:     It affects your dexterity (+5).
   Will+:     It increases your willpower.
 U - +0 steam dragon scales
 Z - the +2 leather armour "Lesa" {Will+}
   (You took it off an orc on level 9 of the Dungeon)

   Will+:     It increases your willpower.
Jewellery
 f - a ring of protection from cold (right hand)
 p - an amulet of reflection (around neck)
 w - a ring of magical power
 y - a ring of positive energy
 C - a ring of positive energy
 Y - a ring of see invisible (left hand)
Talismans
 c - a beast talisman
 d - a flux talisman (active)
Wands
 a - a wand of roots (5)
 v - a wand of flame (39)
 z - a wand of paralysis (59)
 D - a wand of mindburst (12)
 X - a wand of digging (6)
Scrolls
 h - 6 scrolls of enchant weapon
 i - a scroll of brand weapon
 k - 2 scrolls of vulnerability
 l - a scroll of blinking
 n - 2 scrolls of teleportation
 o - 2 scrolls of silence
 u - 6 scrolls of fog
 A - 2 scrolls of fear
 J - a scroll of amnesia {unknown}
Potions
 b - 3 potions of lignification
 g - 3 potions of degeneration
 q - 4 potions of mutation
 r - a potion of invisibility {unknown}
 s - 2 potions of berserk rage {unknown}
 E - 2 potions of ambrosia {unknown}
 G - 2 potions of might {unknown}
 M - 2 potions of curing
 N - 2 potions of haste
 O - 3 potions of enlightenment {unknown}
 P - a potion of experience {unknown}
 V - a potion of resistance {unknown}
 W - 2 potions of magic


   Skills:
 + Level 8.1 Fighting
 + Level 3.2 Ranged Weapons
 + Level 3.3 Armour
 + Level 7.6 Dodging
 * Level 10.9 Unarmed Combat
 + Level 4.9 Invocations
 * Level 10.2 Shapeshifting


You had 11 spell levels left.
You didn't know any spells.
Your spell library contained the following spells:

 Spells                   Type           Power      Damage    Failure   Level
 Kiss of Death            Conj/Necr      0%         2d5       58%         1
 Magic Dart               Conj           0%         1d3       58%         1
 Slow                     Hex            0%         N/A       58%         1
 Sting                    Tmut/Pois      0%         1d3       58%         1
 Call Imp                 Summ           0%         N/A       73%         2
 Cigotuvi's Dreadful Rot  Necr/Pois/Air  0%         N/A       73%         2
 Lesser Beckoning         Tloc           0%         N/A       73%         2
 Poisonous Vapours        Pois/Air       0%         N/A       73%         2
 Confusing Touch          Hex            0%         N/A       91%         3
 Gell's Gravitas          Tloc           0%         N/A       91%         3
 Hailstorm                Conj/Ice       0%         3d3       91%         3
 Ignite Poison            Fire/Tmut/Pois 0%         N/A       91%         3
 Mephitic Cloud           Conj/Pois/Air  0%         N/A       91%         3
 Sigil of Binding         Hex            0%         N/A       91%         3
 Teleport Other           Tloc           0%         N/A       91%         3
 Vampiric Draining        Necr           0%         2d6       91%         3
 Dispel Undead            Necr           0%         3d6       100%        4
 Olgreb's Toxic Radiance  Pois           0%         N/A       100%        4
 Summon Ice Beast         Ice/Summ       0%         N/A       100%        4
 Freezing Cloud           Conj/Ice/Air   0%         6-21      100%        5
 Simulacrum               Ice/Necr       0%         N/A       100%        6
 Ozocubu's Refrigeration  Ice            0%         4d7       100%        7
 Polar Vortex             Ice            0%         N/A       100%        9


Dungeon Overview and Level Annotations

Branches:
Dungeon (13/15)            Temple (0/1) D:7            Lair (0/5) D:11
    Orc (0/2) D:11         Bailey (visited)
 Vaults: D:13-14

Altars:
Cheibriados
Gozag
Hepliaklqana
Qazlal
Ru
Sif Muna

Shops:
D:2 (   D:5 (   D:7 :

Annotations:
D:5 3 runed translucent doors, lotum's ghost, novice FoFi
D:7 2 transporters, ratmeat3's ghost, novice TrFi


Innate Abilities, Weirdness & Mutations

You are something dangerously unstable.
You glow with magical radiation, making you easy to see and hit.
Foes you strike become dangerously contaminated with magical radiation.
You are incapable of wielding weapons or throwing items.
You have hoof-like feet.
You regenerate health from kills.
You sometimes gain a little power by taking damage.
When seriously injured, your blood forms thick armour. (AC +9)


Message History

The meliai hits you with a +0 hand axe!
The meliai stings you but does no damage.
You closely miss the meliai. You kick the meliai.
The meliai is moderately wounded.
You feel very sick.
You block the meliai's attack. x3; The meliai misses you.
You block the meliai's attack. The meliai barely misses you.
The meliai closely misses you.
The meliai stings you but does no damage.
As you read the scroll of teleportation, it crumbles to dust.
You feel strangely unstable.
You feel very sick. The meliai hits you but does no damage.
The meliai closely misses you. The meliai barely misses you.
The meliai stings you but does no damage.
The meliai calls down the wrath of its god upon you.
Something smites you!
* * * LOW HITPOINT WARNING * * *
The troll barely misses you. The troll misses you.
The troll closely misses you. The meliai closely misses you.
You block the meliai's attack.
You feel better. The meliai hits you with a +0 hand axe.
* * * LOW HITPOINT WARNING * * *
You block the meliai's attack.
The meliai invokes the aid of its god against you.
Something smites you!
* * * LOW HITPOINT WARNING * * *
The meliai hits you with a +0 hand axe.
* * * LOW HITPOINT WARNING * * *
The meliai stings you but does no damage.
The meliai completely misses you.
The meliai stings you but does no damage.
The troll barely misses you. You block the troll's attack. x2
You barely miss the meliai. You kick the meliai!
The meliai is moderately wounded.
The meliai stops glowing.
The meliai closely misses you. You block the meliai's attack.
The meliai mumbles some strange prayers to its god against you.
Something smites you!
You die...

######
.#.....######
............#
............#
......§y....#
......)pT...#
......y.§...$.#
.............##
.........###...
........## ....
.#......# ...
.....#...
..##...#.


You could see a troll and 2 meliai.

Vanquished Creatures
  Harold (D:11)
  Erolcha (D:9)
  2 two-headed ogres
  Urug (D:11)
  Nergalle (D:10)
  Pikel (D:8)
  3 deep elf pyromancers
  3 gargoyles
  An unseen horror (D:11)
  Psyche (D:9)
  A kobold demonologist (D:12)
  A komodo dragon (D:12)
  An unseen horror zombie (D:10)
  A meliai (D:13)
  4 trolls
  A hornet (D:7)
  The ghost of pokeman the Magician, an amateur DEHW (D:4)
  4 slime creatures (D:12)
  5 shadows
  6 spriggans (Bailey)
  A basilisk (D:13)
  3 vampires
  15 yaks
  Eustachio (D:5)
  2 steam dragons
  2 wargs (D:11)
  4 acid dragons
  Duvessa (D:5)
  3 water moccasins
  2 orc warriors
  3 ice beasts
  3 sky beasts
  A black bear (D:4)
  3 centaurs
  8 ogres
  A lemure (D:8)
  3 kobold brigands
  A gnoll sergeant (D:3)
  3 bullfrogs
  2 scorpions
  18 wights
  Dowan (D:5)
  9 killer bees
  3 howler monkeys (D:7)
  3 electric eels (D:9)
  2 jellies (D:5)
  A gnoll bouda (D:8)
  7 orc priests
  3 iguanas
  Terence (D:3)
  8 orc wizards
  8 gnolls
  6 adders
  2 white imps
  2 worms
  7 dart slugs
  25 orcs
  14 ball pythons
  7 bats
  9 endoplasms
  7 giant cockroaches
  13 goblins
  9 hobgoblins
  14 jackals
  13 kobolds
  4 quokkas
  11 frilled lizards
  4 rats
313 creatures vanquished.

Notes
Turn   | Place    | Note
-------+----------+-------------------------------------------
     0 | D:1      | javelincjr the Demonspawn Shapeshifter began the quest for
                  | the Orb.
     0 | D:1      | Reached XP level 1. HP: 15/15 MP: 1/1
   235 | D:1      | Gained mutation: You have large cloven feet. [demonic
                  | ancestry]
   235 | D:1      | Reached XP level 2. HP: 20/21 MP: 2/2
   444 | D:1      | Gained mutation: You regenerate a little health from kills.
                  | [demonic ancestry]
   444 | D:1      | Reached XP level 3. HP: 23/26 MP: 3/3
  1221 | D:2      | Found a snail-covered altar of Cheibriados.
  1255 | D:2      | You fall into a shaft and drop 1 floor!
  1336 | D:2      | Gained mutation: You sometimes gain a little power by
                  | taking damage. [demonic ancestry]
  1336 | D:2      | Reached XP level 4. HP: 31/33 MP: 4/4
  1539 | D:2      | Found Yckuhyut's Antique Weapon Emporium.
  2010 | D:2      | Gained mutation: When seriously injured, your blood forms
                  | armour. (AC +9) [demonic ancestry]
  2010 | D:2      | Reached XP level 5. HP: 32/38 MP: 5/5
  2309 | D:3      | Noticed Terence
  2315 | D:3      | Killed Terence
  2497 | D:4      | Noticed a black bear
  2508 | D:4      | Killed a black bear
  2509 | D:4      | Gained mutation: You have hoof-like feet. [demonic
                  | ancestry]
  2509 | D:4      | Reached XP level 6. HP: 24/46 MP: 6/6
  2625 | D:4      | Found a runed translucent gate.
  2625 | D:4      | Found a runed translucent gate.
  2625 | D:4      | Found a runed translucent gate.
  2626 | D:4      | Noticed a water moccasin
  2626 | D:4      | Noticed pokeman's ghost (amateur DEHW)
  3328 | D:5      | Entered Level 5 of the Dungeon
  3333 | D:5      | Noticed Eustachio
  3339 | D:4      | Reached XP level 7. HP: 31/51 MP: 7/7
  3523 | D:5      | Found Idonwaa's Antique Weapon Shop.
  3544 | D:4      | Reached skill level 5 in Unarmed Combat
  3741 | D:5      | Killed Eustachio
  3742 | D:5      | Reached skill level 5 in Shapeshifting
  3932 | D:5      | Found a runed translucent gate.
  3932 | D:5      | Found a runed translucent gate.
  3933 | D:5      | Found a runed translucent gate.
  3936 | D:5      | Noticed lotum's ghost (novice FoFi)
  3986 | D:5      | Reached XP level 8. HP: 49/60 MP: 8/8
  4904 | D:4      | Killed pokeman's ghost
  5201 | D:6      | Noticed Duvessa
  5201 | D:6      | Noticed Dowan
  5222 | D:5      | Killed Duvessa
  5225 | D:5      | Killed Dowan
  5489 | D:6      | Found a snail-covered altar of Cheibriados.
  5496 | D:6      | Gained mutation: When seriously injured, your blood forms
                  | thick armour. (AC +9) [demonic ancestry]
  5496 | D:6      | Reached XP level 9. HP: 59/66 MP: 9/9
  5534 | D:6      | Found a stormy altar of Qazlal.
  5544 | D:6      | Became a worshipper of Qazlal Stormbringer
  6205 | D:7      | Reached skill level 5 in Fighting
  6296 | D:7      | Found a staircase to the Ecumenical Temple.
  6310 | D:7      | Found a sacrificial altar of Ru.
  6364 | D:7      | Reached skill level 5 in Dodging
  6400 | D:7      | Paralysed by a wight for 4 turns
  6536 | D:7      | Found a transporter.
  6606 | D:7      | Found a transporter.
  6608 | D:7      | Found Ozeotrux's Book Emporium.
  6751 | D:7      | Found an opulent altar of Gozag.
  6939 | D:7      | Noticed ratmeat3's ghost (novice TrFi)
  7197 | D:7      | Reached * piety under Qazlal
  7651 | D:8      | Noticed Pikel
  7672 | D:8      | Killed Pikel
  7673 | D:8      | Reached XP level 10. HP: 54/76 MP: 10/10
  7802 | D:8      | Noticed a deep elf pyromancer
  7821 | D:8      | Killed a deep elf pyromancer
  8653 | D:8      | Identified a scroll of acquirement
  8654 | D:8      | Acquired 938 gold pieces
  9148 | D:9      | Noticed Erolcha
  9157 | D:9      | Killed Erolcha
  9282 | D:9      | Noticed Psyche
  9329 | D:9      | Killed Psyche
  9357 | D:9      | Found a flagged portal.
  9384 | Bailey   | Entered a bailey
  9561 | Bailey   | Reached ** piety under Qazlal
  9638 | Bailey   | Noticed a two-headed ogre
  9647 | Bailey   | Killed a two-headed ogre
  9648 | Bailey   | Gained mutation: You regenerate health from kills. [demonic
                  | ancestry]
  9648 | Bailey   | Reached XP level 11. HP: 27/83 MP: 11/11
  9677 | Bailey   | Identified the +12 sling of Parts Unknown {freeze, rPois
                  | Str+4 Int-2}
  9797 | Bailey   | Identified the quicksilver dragon scales "Reovodgh" {Will+
                  | Str-5 Dex+5}
 10302 | D:9      | Identified the +2 leather armour "Lesa" {Will+}
 10350 | D:9      | Reached skill level 1 in Invocations
 11251 | D:10     | Entered Level 10 of the Dungeon
 11300 | D:9      | Reached skill level 1 in Armour
 11305 | D:9      | Reached skill level 1 in Ranged Weapons
 11377 | D:10     | Noticed a two-headed ogre
 11386 | D:10     | Reached skill level 10 in Unarmed Combat
 11391 | D:10     | Killed a two-headed ogre
 11496 | D:10     | Found a shimmering blue altar of Sif Muna.
 11758 | D:10     | Noticed Nergalle
 11774 | D:10     | Killed Nergalle
 12012 | D:10     | Reached *** piety under Qazlal
 12172 | D:10     | Found a hazy altar of Hepliaklqana.
 12387 | D:11     | Found a staircase to the Lair.
 12433 | D:11     | Noticed Harold
 12466 | D:11     | Killed Harold
 12467 | D:11     | Reached XP level 12. HP: 65/92 MP: 14/14
 12595 | D:11     | Found a staircase to the Orcish Mines.
 12862 | D:11     | Noticed Urug
 12867 | D:11     | Killed Urug
 13229 | D:12     | Reached skill level 10 in Shapeshifting
 13323 | D:12     | Identified the +3 short sword of Mana {holy, rPois Str+6
                  | Dex-4}
 13865 | D:13     | Killed from afar by a meliai

Illustrated notes

Levels and vault maps discovered:
D:1:      eino_arrival_water_cross, layout_basic, serial_forest,
          infiniplex_forest_end_2, infiniplex_forest_straight_4,
          infiniplex_forest_lined_2, infiniplex_forest_pool,
          infiniplex_forest_fountain, palyth_stone_intersect,
          chequers_hall_statues_corner_a, minmay_nonomino_d4
D:2:      layout_basic, serial_shops, shop, basic_altar, minmay_lizard_pond
D:3:      layout_rooms, uniq_terence
D:4:      layout_rooms, gammafunk_ghost_split
D:5:      layout_loops_ring, serial_shops, shop, gammafunk_ghost_split,
          uniq_eustachio
D:6:      layout_loops_ring, mainiacjoe_overflow_boulevard, zin_scriptorium,
          old_standard_altar, uniq_duvessa
D:7:      layout_loops_ring, lemuel_round_altar,
          nicolae_ru_great_annihilating_truth,
          minmay_temple_entry_statues_pillars, gammafunk_ghost_stat_death,
          serial_shops, shop
D:8:      layout_basic, elyvilon_altar_3, uniq_pikel
D:9:      layout_basic, enter_bailey_5, chequers_big_river, uniq_erolcha,
          uniq_psyche
D:10:     layout_long_grid, lemuel_doored_altar, led_sif_pool, serial_undead,
          serial_undead_b, serial_undead_a, serial_undead_e, serial_undead_f,
          kennysheep_small_spiral, uniq_nergalle
D:11:     layout_small_grid, erik_lair_orcish_takeover, orc_0_dummy,
          uniq_harold, uniq_urug
D:12:     layout_rooms
D:13:     layout_rooms, serial_glass, glass_columns_a, glass_columns_c,
          glass_columns_b, glass_columns_c, glass_columns_a, glass_columns_b,
          glass_columns_a, glass_columns_b, glass_columns_b, glass_columns_a

Skill      XL: |  1  2  3  4  5  6  7  8  9 10 11 12 |
---------------+-------------------------------------+-----
Dodging        | 2 3 4 5 6 7 |  7.6
Unarmed Combat | 3 4 5 6 8 9 10 | 10.9
Shapeshifting  | 3 4 5 6 7 8 9 10 | 10.2
Fighting       | 2 3 4 5 6 7 8 |  8.1
Invocations    | 3 4 |  4.9
Armour         | 2 3 |  3.3
Ranged Weapons | 2 3 |  3.2

Action                     |  1- 3 |  4- 6 |  7- 9 | 10-12 || total
---------------------------+-------+-------+-------+-------++-------
  Melee: Unarmed           |   141 |   172 |   307 |   516 ||  1136
         Punch             |     5 |     1 |    11 |       ||    17
         Kick              |    26 |    36 |    99 |   242 ||   403
         Spear             |       |    12 |       |       ||    12
  Throw: Boomerang         |       |     6 |    13 |       ||    19
    Use: Potion            |       |       |     3 |     3 ||     6
         Scroll            |       |       |     1 |    17 ||    18
   Stab: Sleeping          |     1 |       |     2 |       ||     3
         Paralysed         |       |       |     1 |       ||     1
 Armour: Animal skin       |    57 |    97 |   167 |     3 ||   324
         Steam dragon scal |       |       |       |    82 ||    82
         Skin              |       |       |       |     4 ||     4
         Robe              |       |       |       |     2 ||     2
         Quicksilver drago |       |       |       |   167 ||   167
  Dodge: Dodged            |    89 |   103 |   163 |   260 ||   615
  Block: Other             |    16 |    36 |    59 |   165 ||   276
         Reflection        |       |       |     2 |     5 ||     7
   Form: Flux              |       |       |     1 |       ||     1

Table legend: (Time is in decaauts)
 A = Elapsed time spent in this place.
 B = Non-inter-level travel time spent in this place.
 C = Inter-level travel time spent in this place.
 D = Time resting spent in this place.
 E = Time spent auto-exploring this place.
 F = Levels seen in this place.
 G = Mean time per level.
                   A        B        C        D        E       F      G
               +--------+--------+--------+--------+--------+-----+--------+
         Total |  13757 |  13495 |    262 |   1613 |   8844 |  14 |  982.6 |
       Dungeon |  12956 |  12694 |    262 |   1230 |   8651 |  13 |  996.6 |
        Bailey |    800 |    800 |      0 |    383 |    193 |   1 |  800.0 |
               +--------+--------+--------+--------+--------+-----+--------+

Top non-repeatable levels by time:
     D:9: 1757 daAuts
     D:5: 1353 daAuts
     D:7: 1335 daAuts
     D:4: 1293 daAuts
     D:8: 1219 daAuts
     D:1: 1100 daAuts
    D:10: 1055 daAuts
     D:6: 949 daAuts
     D:2: 871 daAuts
  Bailey: 800 daAuts
    D:11: 721 daAuts
    D:12: 696 daAuts
     D:3: 589 daAuts
    D:13: 12 daAuts
